 Dungeon Crawl Stone Soup version 0.28-a0-803-g74956062c1 (webtiles) character file.

Game seed: 5408014338542271558

2571 MacCMillion the Grappler (level 9, -3/88 HPs)
             Began as a Troll Earth Elementalist on Nov 7, 2021.
             Was a Priest of Kikubaaqudgha.
             Slain by an orc warrior (13 damage)
             ... on level 10 of the Dungeon on Nov 8, 2021.
             The game lasted 00:29:04 (6275 turns).

MacCMillion the Grappler (Troll Earth Elementalist) Turns: 6275, Time: 00:29:06

Health: -3/88      AC:  7    Str: 20    XL:     9   Next: 32%
Magic:  12/12      EV:  9    Int: 24    God:    Kikubaaqudgha [***...]
Gold:   340        SH:  0    Dex: 10    Spells: 7/14 levels left

rFire   . . .      SeeInvis .     - Unarmed
rCold   . . .      Faith    .   (no shield)
rNeg    . . .      Spirit   .   b - +1 robe
rPois   .          Reflect  .   (helmet restricted)
rElec   .          Harm     .   w - +1 cloak
rCorr   .          Rampage  .   (gloves unavailable)
Will    .....                   (boots unavailable)
Stlth   +.........              (no amulet)
HPRegen 1.24/turn               e - +6 ring of intelligence
MPRegen 0.13/turn               x - +6 ring of intelligence

@: no status effects
A: large, unfitting armour, claws 3, regeneration 1, shaggy fur 1, tough skin 1
a: Renounce Religion, Receive Corpses


You were on level 10 of the Dungeon.
You worshipped Kikubaaqudgha.
Kikubaaqudgha was most pleased with you.
You visited 1 branch of the dungeon, and saw 8 of its levels.
You also visited: Sewer.

You collected 340 gold pieces.

Inventory:

Hand Weapons
 t - a +0 giant club
Missiles
 c - 230 stones
Armour
 b - a +1 robe (worn)
 w - a +1 cloak (worn)
Magical Staves
 y - a staff of death
Jewellery
 e - a +6 ring of intelligence (left claw)
 u - a ring of see invisible
 x - a +6 ring of intelligence (right claw)
Wands
 h - a wand of paralysis (19)
 B - a wand of polymorph (6)
Scrolls
 i - 2 scrolls of magic mapping
 j - a scroll of acquirement
 q - a scroll of immolation {unknown}
 r - 2 scrolls of noise {unknown}
 v - a scroll of fear {unknown}
 A - a scroll of enchant armour
Potions
 a - a potion of berserk rage
 d - 2 potions of brilliance
 f - a potion of cancellation
 g - a potion of flight {unknown}
 k - a potion of magic {unknown}
 l - a potion of haste {unknown}
 m - a potion of ambrosia {unknown}
 n - a potion of mutation {unknown}
 o - a potion of might {unknown}
 p - 2 potions of curing
 z - 3 potions of lignification


   Skills:
 + Level 5.2 Fighting
 - Level 1.5 Dodging
 - Level 1.0 Stealth
 * Level 9.1 Unarmed Combat
 - Level 3.0 Spellcasting
 - Level 0.6 Transmutations
 + Level 4.5 Earth Magic


You had 7 spell levels left.
You knew the following spells:

 Your Spells              Type           Power      Damage    Failure   Level
a - Sandblast             Erth           50%        2d12      1%          1
b - Passwall              Tmut/Erth      13%        N/A       5%          2
c - Animate Skeleton      Necr           6%         N/A       11%         1
d - Stone Arrow           Conj/Erth      28%        3d8       13%         3

Your spell library contained the following spells:

 Spells                   Type           Power      Damage    Failure   Level
 Foxfire                  Conj/Fire      12%        2x1d4     11%         1
 Freeze                   Ice            12%        1d4       11%         1
 Pain                     Necr           12%        1d4       11%         1
 Slow                     Hex            12%        N/A       11%         1
 Ensorcelled Hibernation  Hex/Ice        6%         N/A       16%         2
 Sublimation of Blood     Necr           3%         N/A       16%         2
 Confusing Touch          Hex            3%         N/A       32%         3
 Conjure Flame            Conj/Fire      3%         6-21      32%         3
 Frozen Ramparts          Ice            6%         1d2       32%         3
 Inner Flame              Hex/Fire       3%         N/A       32%         3
 Tukima's Dance           Hex            3%         N/A       32%         3
 Vampiric Draining        Necr           3%         2d6       32%         3
 Petrify                  Tmut/Erth      16%        N/A       36%         4
 Dispel Undead            Necr           3%         3d7       71%         4
 Flame Wave               Conj/Fire      3%         3d3       71%         4
 Hailstorm                Conj/Ice       3%         3d3       71%         4
 Passage of Golubria      Tloc           3%         N/A       71%         4
 Yara's Violent Unravell  Hex/Tmut       2%         3d3       95%         5
 Agony                    Necr           3%         N/A       96%         5
 Excruciating Wounds      Necr           1%         N/A       96%         5
 Silence                  Hex/Air        1%         N/A       96%         5
 Death Channel            Necr           1%         N/A       100%        6
 Simulacrum               Ice/Necr       1%         N/A       100%        6
 Lehudib's Crystal Spear  Conj/Erth      7%         10d3      100%        8


Dungeon Overview and Level Annotations

Branches:
Dungeon (7/15)               Lair (0/6) D:10          Sewer (visited)
 Temple: D:4-7

Altars:
Kikubaaqudgha
Ru

Annotations:
D:3 2 transporters, Majang's ghost, amateur DECj
D:4 1 runed translucent door, Crazy Yiuf
D:5 Menkaure
D:7 exclusion: boulder beetle


Innate Abilities, Weirdness & Mutations

You are too large for most types of armour.
You have claws for hands.
Your natural rate of healing is unusually fast.
You are covered in fur. (AC +1)
You have tough skin. (AC +1)


Message History

The centaur closely misses you.
You barely miss the orc warrior.
The centaur hits you but does no damage.
The centaur closely misses you. The centaur closely misses you.
The centaur kicks you. The centaur hits you.
The centaur kicks you but does no damage.
The centaur hits you but does no damage.
The centaur kicks you but does no damage.
The orc warrior hits you with a +0 short sword!
The orc hits you with a +2 hand axe of freezing.
The orc freezes you.
The centaur hits you but does no damage.
The centaur kicks you but does no damage.
The centaur wields a +0 shortbow.
The centaur shoots an arrow.
The arrow hits you but does no damage. The centaur completely misses you.
The centaur closely misses you.
The orc warrior hits you with a +0 short sword!
* * * LOW HITPOINT WARNING * * *
Something hits you.
* * * LOW HITPOINT WARNING * * *
You feel less confused.
The centaur shoots an arrow.
The centaur wields a +0 shortbow.
The centaur shoots an arrow.
The arrow hits you but does no damage.
The orc warrior hits you with a +0 short sword.
* * * LOW HITPOINT WARNING * * *
The centaur shoots an arrow.
The arrow closely misses you.
A centaur warrior comes into view.
The centaur warrior shouts!
The centaur warrior wields a +0 shortbow.
The centaur warrior shoots an arrow.
The arrow hits you!
* * * LOW HITPOINT WARNING * * *
The centaur shoots an arrow.
The arrow closely misses you.
Okay, then.
As you read the scroll labelled DEPSAY BITO, it crumbles to dust.
You feel aware of your surroundings.
You sensed 2 shops/portals.
It was a scroll of magic mapping.
The centaur warrior shoots an arrow.
The arrow barely misses you.
The orc warrior hits you with a +0 short sword!
You die...
Kikubaaqudgha rasps: "You have failed me!
Welcome... death!"

*****,,*,,,,,,** *,*
,,**,,*,,,*..#* *,* ***
*,,,,*,,,**#..# *,* **,*
***,,,,,** #.c#* *,* *,** **,,,,*
#...#* *,* **,* *,,,,* #....##
*,* **,**
***,,,,**##..#..##**,##****,**
**,,,,.,,*#..=#...##....,,,,**
,,,*,,....#...##@.......***,,* *
,,**,,........oo.....###* **,* **
*,***,........c..##..# *,***, ***
**......##...#*,.#* *,,*,,
*.....#*#...#*,,.# **,,,* ###
**.....* #...#,,,,#******,,,*
P.#**,....,* #?...,,,,,,,,*,,**,*
P....####*,**#.....,,,,,,,,,*****
..P.## *,,*#......,,,,,,,,*


You could see a centaur warrior, an orc warrior, a centaur and an orc.

Vanquished Creatures
  5 yaks
  A water moccasin (D:6)
  A black bear (D:6)
  An ice beast (D:6)
  A centaur (D:6)
  2 ogres
  A kobold brigand (D:5)
  A bullfrog (D:7)
  2 scorpions
  A wight (D:6)
  A howler monkey (D:5)
  A bullfrog zombie (D:6)
  2 centaur zombies
  6 hounds
  4 bullfrog skeletons
  A scorpion zombie (D:5)
  An iguana (D:6)
  A killer bee zombie (D:7)
  5 adders
  4 gnolls (D:3)
  A river rat (D:3)
  3 worms
  A dart slug (D:5)
  14 orcs
  5 endoplasms
  4 giant cockroaches
  6 goblins
  7 hobgoblins
  12 jackals
  2 quokkas
  11 ball pythons
  4 bats
  6 frilled lizards
  17 kobolds
  2 rats (D:1)
137 creatures vanquished.

Vanquished Creatures (others)
  14 fungi (D:10)
  22 plants
36 creatures vanquished.

Grand Total: 173 creatures vanquished

Notes
Turn   | Place    | Note
-------+----------+-------------------------------------------
     0 | D:1      | MacCMillion the Troll Earth Elementalist began the quest
                  | for the Orb.
     0 | D:1      | Reached XP level 1. HP: 16/16 MP: 1/1
   132 | D:1      | Reached skill level 1 in Unarmed Combat
   197 | D:1      | Reached XP level 2. HP: 26/26 MP: 2/2
   417 | D:1      | Found a faded altar of an unknown god.
   514 | D:1      | Prayed at the altar of an unknown god.
   514 | D:1      | Became a worshipper of Kikubaaqudgha
   514 | D:1      | Reached * piety under Kikubaaqudgha
   514 | D:1      | Received a gift from Kikubaaqudgha
   765 | D:2      | Reached skill level 1 in Fighting
   765 | D:2      | Reached skill level 2 in Unarmed Combat
   765 | D:2      | Reached XP level 3. HP: 26/33 MP: 3/3
  1325 | D:3      | Noticed an ogre
  1393 | D:3      | Killed an ogre
  1394 | D:3      | Reached skill level 3 in Unarmed Combat
  1394 | D:3      | Reached XP level 4. HP: 35/42 MP: 4/4
  1400 | D:3      | Reached XP level 5. HP: 49/49 MP: 5/5
  1526 | D:3      | Found a glowing drain.
  1538 | D:3      | Reached ** piety under Kikubaaqudgha
  1546 | Sewer    | Entered a sewer
  2346 | D:3      | Reached skill level 4 in Unarmed Combat
  2386 | D:3      | Learned a level 2 spell: Passwall
  2527 | D:3      | Found a transporter.
  2529 | D:3      | Noticed a necrophage
  2530 | D:3      | Noticed Majang's ghost (amateur DECj)
  2795 | D:3      | Found a transporter.
  2821 | D:3      | Learned a level 1 spell: Animate Skeleton
  2945 | D:4      | Reached XP level 6. HP: 57/57 MP: 6/6
  3039 | D:4      | Reached *** piety under Kikubaaqudgha
  3039 | D:4      | Received a gift from Kikubaaqudgha
  3449 | D:4      | Found a runed translucent door.
  3450 | D:4      | Noticed Crazy Yiuf
  3842 | D:5      | Entered Level 5 of the Dungeon
  3948 | D:5      | Reached skill level 5 in Unarmed Combat
  4014 | D:5      | Learned a level 3 spell: Stone Arrow
  4069 | D:5      | Reached XP level 7. HP: 67/67 MP: 7/7
  4176 | D:5      | Noticed Menkaure
  4886 | D:6      | Noticed a yak
  4886 | D:6      | Noticed a yak
  4886 | D:6      | Noticed a yak
  4886 | D:6      | Noticed a yak
  4888 | D:6      | Noticed a yak
  4901 | D:5      | Killed a yak
  4902 | D:5      | Reached skill level 6 in Unarmed Combat
  4942 | D:6      | Killed a yak
  4949 | D:6      | Killed a yak
  4950 | D:6      | Reached XP level 8. HP: 63/78 MP: 8/10
  4986 | D:6      | Reached skill level 7 in Unarmed Combat
  5332 | D:6      | Reached skill level 8 in Unarmed Combat
  5411 | D:6      | Reached XP level 9. HP: 87/87 MP: 4/12
  5475 | D:6      | Found a sacrificial altar of Ru.
  5574 | D:6      | Reached skill level 5 in Fighting
  5932 | D:6      | Reached skill level 9 in Unarmed Combat
  6120 | D:6      | Identified a scroll of acquirement
  6248 | D:7      | Noticed a boulder beetle
  6260 | D:7      | You fall into a shaft and drop 3 floors!
  6260 | D:10     | Entered Level 10 of the Dungeon
  6274 | D:10     | Noticed a centaur warrior
  6275 | D:10     | Slain by an orc warrior

Illustrated notes

Levels and vault maps discovered:
D:1:      mrwooster_arrival_statue, layout_basic,
          dreamdust_ecumenical_altar_statues
D:2:      layout_loops_ring
D:3:      layout_loops_corners, cheibrodos_sewer_entry_sluice,
          gammafunk_ghost_mausoleum
D:4:      layout_loops_corners, chequers_serial_rivers_marsh,
          uniq_crazy_yiuf_cottage
D:5:      layout_basic, chequers_serial_rivers_large_b, grunt_ministairs_12,
          minivault_26, hangedman_decor_growths, uniq_menkaure
D:6:      minmay_general_purpose_star, layout_gridville,
          nicolae_ru_awakened_eye, minivault_24
D:7:      layout_loops_cross, minmay_temple_entry_overgrown, serial_bayou,
          serial_bayou_pond_d, serial_bayou_lagoon_a, serial_bayou_lake_a,
          serial_bayou_ford_a, serial_bayou_pond_a, minmay_misc_feat_cross,
          kb_rosetta
D:10:     layout_layer_cave, due_lair_maze_entry_diamond,
          nicolae_trove_entry_isolated, serial_shops, nicolae_shop_stone

Skill      XL: |  1  2  3  4  5  6  7  8  9 |
---------------+----------------------------+-----
Unarmed Combat | 1 2 3 4 5 6 8 9 |  9.1
Fighting       | 1 2 3 4 5 |  5.2
Earth Magic    | 3 4 |  4.5
Spellcasting   | 2 3 |  3.0
Dodging        | |  1.5
Stealth        | |  1.0
Transmutations | |  0.6

Action                   |  1- 3 |  4- 6 |  7- 9 || total
-------------------------+-------+-------+-------++-------
Melee: Unarmed           |    96 |   186 |   112 ||   394
       Punch             |       |     2 |     4 ||     6
Throw: Stone             |       |     2 |       ||     2
 Cast: Sandblast         |     1 |     2 |     6 ||     9
       Stone Arrow       |       |       |    13 ||    13
       Passwall          |       |       |     1 ||     1
  Use: Scroll            |     4 |     5 |     3 ||    12
 Stab: Sleeping          |     3 |     1 |       ||     4
Armor: Robe              |    34 |    73 |    41 ||   148
Dodge: Dodged            |    38 |    83 |    55 ||   176

Table legend: (Time is in decaauts)
 A = Elapsed time spent in this place.
 B = Non-inter-level travel time spent in this place.
 C = Inter-level travel time spent in this place.
 D = Time resting spent in this place.
 E = Time spent auto-exploring this place.
 F = Levels seen in this place.
 G = Mean time per level.
                   A        B        C        D        E       F      G
               +--------+--------+--------+--------+--------+-----+--------+
         Total |   6462 |   6152 |    310 |    201 |   4625 |   9 |  718.0 |
       Dungeon |   5544 |   5234 |    310 |    201 |   3890 |   8 |  693.0 |
         Sewer |    917 |    917 |      0 |      0 |    735 |   1 |  917.0 |
               +--------+--------+--------+--------+--------+-----+--------+

Top non-repeatable levels by time:
     D:6: 1325 daAuts
     D:5: 1065 daAuts
     D:3: 977 daAuts
   Sewer: 917 daAuts
     D:4: 910 daAuts
     D:2: 669 daAuts
     D:1: 549 daAuts
     D:7: 32 daAuts
    D:10: 13 daAuts
